 Dungeon Crawl Stone Soup version 0.25-a0-927-g39f137c8b7 (webtiles) character file.

Game seed: 1548465359138231550, levelgen mode: deterministic

166183 Maedhros the Martial Artist (level 17, -12/195 HPs)
             Began as an Octopode Artificer on May 3, 2020.
             Was a High Priest of Cheibriados.
             Killed by the air
             ... invoked by a wind drake
              (26 damage)
             ... on level 3 of the Shoals.
             The game lasted 01:45:55 (15980 turns).

Maedhros the Martial Artist (Octopode Artificer)   Turns: 15980, Time: 01:45:56

Health: -12/195    AC: 16    Str: 38    XL:     17   Next: 60%
Magic:  13/27      EV: 19    Int: 36    God:    Cheibriados [*****.]
Gold:   1064       SH:  0    Dex: 33    Spells: 3/34 levels left

rFire    + + +     SeeInvis +     - Unarmed
rCold    x . .     Gourm    .   (shield currently unavailable)
rNeg     + . .     Faith    .   (helmet currently unavailable)
rPois    +         Spirit   .   u - amulet of Vitality {Regen+ HP+15}
rElec    .         Reflect  .   (no ring)
rCorr    +         Harm     .   B - +4 ring of intelligence
MR       +++..                  C - ring of see invisible
Stlth    ++++......             I - ring of protection from fire
HPRegen  0.82/turn              c - ring of positive energy
MPRegen  0.20/turn              O - +4 ring of intelligence
                                s - ring of Darioc {MR+ rCorr Int+2}
                                U - +4 ring of strength

@: dragon-form (expiring), flying, very slightly contaminated, very slow
A: giant, almost no armour, stealthy swim, amphibious, 8 rings, (constrict 8),
low mp 1, magic resistance 1, wild magic 1, MP-powered wands
}: 1/15 runes: gossamer
a: End Transformation, Bend Time, Temporal Distortion, Slouch, Step From Time,
Renounce Religion, Breathe Fire


You were on level 3 of the Shoals.
You worshipped Cheibriados.
Cheibriados was extremely pleased with you.
You were not hungry.
You were a fearsome dragon!
You visited 5 branches of the dungeon, and saw 30 of its levels.
You also visited: Ossuary and Ice Cave.

You collected 2868 gold pieces.
You spent 1804 gold pieces at shops.

Inventory:

Hand Weapons
 e - a +3 longbow of freezing
 n - the +2 arbalest of the Wasteland {penet, Str+3 Int+3}
   (You found it on level 15 of the Dungeon)

   Ammo fired by it will pass through the targets it hits, potentially hitting
   all targets in its path until it reaches maximum range.
   It affects your strength (+3).
   It affects your intelligence (+3).
 v - a +2 antimagic dagger
 T - the +6 morningstar of Rytzemal (melded) {vorpal, rF+ MR+}
   (You found it on level 5 of the Lair of Beasts)

   It inflicts extra damage upon your enemies.
   It protects you from fire.
   It affects your resistance to hostile enchantments.
Missiles
 h - 59 poisoned darts
 w - 584 arrows
 y - 32 boomerangs (quivered)
 H - a throwing net
 R - 9 javelins
 W - 304 bolts
Armour
 Y - a +0 buckler (melded)
Magical Staves
 t - an uncursed staff of cold
 E - an uncursed staff of poison
Jewellery
 c - a ring of positive energy (on tentacle)
 s - the ring of Darioc (on tentacle) {MR+ rCorr Int+2}
   (You found it in an ice cave)

   [ring of resist corrosion]

   It affects your intelligence (+2).
   It affects your resistance to hostile enchantments.
   It provides partial protection from all sources of acid and corrosion.
 u - the amulet of Vitality (around neck) {Regen+ HP+15}
   (You found it in an ice cave)

   [amulet of regeneration]

   It affects your health (+15).
   It increases your rate of regeneration.
 x - an uncursed ring of flight
 A - an uncursed amulet of guardian spirit
 B - a +4 ring of intelligence (right foreclaw)
 C - a ring of see invisible (on tentacle)
 I - a ring of protection from fire (on tentacle)
 O - a +4 ring of intelligence (on tentacle)
 P - a +5 amulet of reflection
 U - a +4 ring of strength (on tentacle)
Wands
 b - a wand of flame (56)
 o - a wand of acid (3)
 M - a wand of digging (4)
 Q - a wand of scattershot (3)
Scrolls
 a - 7 scrolls of teleportation
 g - 8 scrolls of fog
 i - 4 scrolls of amnesia
 k - a scroll of brand weapon
 l - 9 scrolls of remove curse
 D - 3 scrolls of blinking
 F - 3 scrolls of enchant armour
 L - 2 scrolls of vulnerability
 X - 3 scrolls of identify
Potions
 j - 3 potions of stabbing
 m - 2 potions of might
 p - 4 potions of magic
 q - 4 potions of brilliance
 z - 5 potions of ambrosia
 G - 4 potions of flight
 J - 2 potions of lignification
 N - a potion of curing
 S - 2 potions of resistance
Comestibles
 f - 33 rations


   Skills:
 - Level 10.1 Fighting
 - Level 1.0 Short Blades
 - Level 4.3 Bows
 - Level 4.2 Crossbows
 - Level 13.6 Dodging
 - Level 4.0 Stealth
 - Level 4.0 Shields
 - Level 13.8 Unarmed Combat
 - Level 9.0 Spellcasting
 - Level 3.0 Hexes
 - Level 5.6 Summonings
 - Level 5.6 Translocations
 - Level 13.0 Transmutations
 - Level 3.0 Fire Magic
 + Level 0.0 Earth Magic
 - Level 9.1 Poison Magic
 - Level 8.0 Invocations
 - Level 3.2 Evocations


You had 3 spell levels left.
You knew the following spells:

 Your Spells              Type           Power        Failure   Level  Hunger
a - Summon Forest         Summ/Tloc      ######....   11%         5    ###....
b - Sticks to Snakes      Tmut           #######.     1%          2    None
c - Statue Form           Tmut/Erth      ######...    34%         6    #####..
d - Inner Flame           Hex/Fire       #####...     4%          3    None
e - Hydra Form            Tmut           #######...   3%          6    #####..
f - Eringya's Noxious Bo  Tmut/Pois      #######...   7%          6    #####..
g - Gell's Gravitas       Tloc           ######....   1%          3    None

Your spell library contained the following spells:

 Spells                   Type           Power        Failure   Level  Hunger
 Apportation              Tloc           ######       1%          1    None
 Beastly Appendage        Tmut           ######       1%          1    None
 Summon Butterflies       Summ           ######..     1%          1    None
 Ignite Poison            Fire/Tmut/Pois #######.     1%          3    None
 Lesser Beckoning         Tloc           ######....   1%          3    None
 Spider Form              Tmut/Pois      #######...   1%          3    None
 Foxfire                  Conj/Fire      ####         2%          1    None
 Tukima's Dance           Hex            #####...     4%          3    None
 Corpse Rot               Necr/Air       N/A          6%          2    None
 Conjure Flame            Conj/Fire      #####...     7%          3    None
 Stone Arrow              Conj/Erth      ###...       12%         3    None
 Alistair's Intoxication  Tmut/Pois      #######.     1%          5    ###....
 Blade Hands              Tmut           #######...   1%          5    ###....
 Ice Form                 Ice/Tmut       ######..     3%          4    None
 Yara's Violent Unravell  Hex/Tmut       #######...   4%          5    ###....
 Cause Fear               Hex            #####.....   12%         4    None
 Dragon Form              Tmut           #######...   16%         7    ######.
 Sticky Flame             Conj/Fire      #####...     21%         4    None
 Fireball                 Conj/Fire      #####.....   45%         5    ###....
 Silence                  Hex/Air        #####.....   45%         5    ###....
 Invisibility             Hex            #####...     82%         6    #####..
 Summon Hydra             Summ           ######....   95%         7    ######.
 Discord                  Hex            #####.....   100%        8    #######


Dungeon Overview and Level Annotations

Branches:
Dungeon (15/15)            Temple (0/1) D:6            Lair (6/6) D:8
 Shoals (3/4) Lair:2       Spider (4/4) Lair:2        Slime (0/5) Lair:5
    Orc (2/2) D:10            Elf (0/3) Orc:2       Ossuary (visited)
  IceCv (visited)
 Vaults: D:13-14     Depths: D:15

Altars:
Ashenzari
Cheibriados
Dithmenos
Fedhas
Makhleb
Ru
Xom

Shops:
Orc:2 ??:}

Annotations:
D:11 exclusion: centaur warrior
D:13 exclusions: yaktaur and 3 more exclusions
Lair:1 exclusion: 2 oklob plants
Spider:3 Nikola


Innate Abilities, Weirdness & Mutations

You cannot wear most types of armour.
You are very stealthy in the water. (Stealth+)
You are amphibious.
You can wear up to eight rings at the same time.
((You can use your tentacles to constrict eight enemies at once.))
((Your skin changes colour to match your surroundings (Stealth+).))
((Your rubbery body absorbs attacks. (AC +1, EV +1)))
Your magical capacity is low. (-10% MP)
You are resistant to hostile enchantments. (MR+)
Your spells are a little harder to cast, but a little more powerful.
You expend magic power (3 MP) to strengthen your wands.


Message History

The silver javelin pierces through you.
* * * LOW HITPOINT WARNING * * *
The silver sears you!
* * * LOW HITPOINT WARNING * * *
You hear a splash.
Okay, then.
You step out of the flow of time.
You return to the normal time flow.
You feel quite a bit more hungry.
Cheibriados lowers the support of your attributes as your movement quickens.
A wind drake comes into view.
Your transformation is almost over.
The wind drake flaps its wings at you.
The air twists around and violently strikes you in flight!!
* * * LOW HITPOINT WARNING * * *
The wind drake flaps its wings at you.
The air twists around and violently strikes you in flight!!
* * * LOW HITPOINT WARNING * * *
The wind drake flaps its wings at you.
The air twists around and violently strikes you in flight!!
You die...

.≈≈≈≈≈≈≈≈≈≈≈##
#.≈≈≈≈≈≈≈≈≈≈≈.##.
#.≈≈≈≈≈≈≈≈≈≈≈≈...
##.≈≈≈≈≈≈≈≈≈≈≈≈≈≈≈
.###.≈≈≈≈≈≈≈≈≈≈≈.≈.%≈
≈.≈≈≈≈≈≈≈≈≈≈.≈≈...≈≈≈
≈≈≈≈≈≈≈≈≈≈≈≈...}..≈≈≈
≈≈≈≈≈≈≈≈k≈≈≈D<...≈≈≈≈
≈≈≈≈≈≈≈≈≈≈≈≈.#..≈≈≈≈≈
≈≈≈≈≈≈≈≈≈≈≈.##.≈≈≈≈≈≈
≈≈≈≈≈≈≈≈≈≈(## ..≈≈≈≈≈
≈≈≈≈≈≈≈≈≈≈≈...≈.≈≈≈≈≈
≈≈≈≈≈≈≈≈≈≈≈≈≈≈≈≈≈≈≈≈≈
≈≈≈.≈≈≈≈≈≈≈≈≈≈≈≈≈≈≈≈≈
≈≈≈≈≈≈≈≈≈≈≈≈≈≈≈≈≈≈≈≈≈
≈≈≈≈≈≈≈≈≈≈≈≈≈≈≈≈≈≈


You could see a wind drake.

Vanquished Creatures
  Polyphemus (Shoals:2)
  Agnes (D:14)
  Roxanne (Shoals:2)
  Kirke (Spider:4)
  Ilsuiw (Shoals:2)
  A ghost moth (Spider:4)
  3 emperor scorpions (Spider:4)
  3 entropy weavers
  4 spark wasps (Spider:4)
  Josephine (D:13)
  A fire dragon (D:14)
  4 merfolk impalers
  Fannar (Lair:1)
  Erolcha (D:13)
  2 ice dragons (IceCv)
  4 hydras
  A merfolk avatar (Shoals:1)
  2 catoblepae
  A merfolk aquamancer (Shoals:2)
  2 centaur warriors
  4 two-headed ogres
  8 death scarabs (Spider:4)
  A satyr (Shoals:2)
  15 death yaks
  Urug (Lair:2)
  A spectral emperor scorpion (Spider:4)
  5 unseen horrors
  2 sea snakes
  2 lindwurms (Lair:6)
  2 spectral wolf spiders (Spider:4)
  3 orc knights
  An oklob plant (Lair:1)
  4 orb spiders
  20 wolf spiders
  A wolf spider zombie (Spider:4)
  2 ugly things
  5 moths of wrath
  8 fauns
  4 manticores
  3 cyclopes
  11 elephants
  5 merfolk sirens
  3 water nymphs
  8 centaur skeletons
  A torpor snail (Lair:6)
  2 gargoyles
  6 spiny frogs
  A spectral redback (Spider:4)
  5 black mambas
  A kobold demonologist (D:13)
  9 demonic crawlers
  Maggie (D:6)
  4 komodo dragons
  2 redback zombies (Spider:4)
  7 trolls
  6 rime drakes
  A freezing wraith (D:15)
  28 jumping spiders
  9 merfolk
  3 wind drakes
  4 spectral tarantellas (Spider:4)
  3 spectral jumping spiders (Spider:4)
  4 hornets (Spider:4)
  7 blink frogs
  A meliai zombie (D:15)
  3 snapping turtles
  10 hippogriffs
  A raiju (shapeshifter) (D:13)
  9 slime creatures
  A tarantella zombie (Spider:4)
  2 dream sheep (Lair:6)
  A jumping spider zombie (Spider:4)
  2 vampires
  51 redbacks
  17 tarantellas
  4 wyverns
  5 wraiths
  5 basilisks
  4 water elementals
  26 yaks
  5 hogs (Spider:4)
  6 hungry ghosts
  Grum (D:8)
  8 vampire mosquitoes
  5 wargs
  7 porcupines
  A soldier ant (D:11)
  7 water moccasins
  A spectral hornet (Spider:4)
  31 orc warriors
  3 sky beasts
  25 ice beasts
  A black bear (D:9)
  An eye of draining (D:12)
  2 phantoms
  9 ogres
  13 wolves
  4 boggarts (D:14)
  26 centaurs
  9 crocodiles
  16 bullfrogs
  A wyvern skeleton (D:7)
  4 scorpions
  3 killer bees (D:13)
  2 troll zombies (D:10)
  5 wights (D:15)
  5 howler monkeys
  An electric eel (Spider:1)
  9 crimson imps
  5 centaur zombies
  2 quasits
  7 hounds
  8 jellies
  6 orc priests
  13 orc wizards
  2 bullfrog skeletons
  8 worker ants
  Terence (D:2)
  4 iguanas
  6 ogre zombies (D:10)
  2 big kobold zombies (Ossuary)
  A hound zombie (D:7)
  A hound skeleton (D:7)
  5 mummies (Ossuary)
  A worker ant zombie (D:11)
  6 gnolls
  9 adders
  4 shadow imps
  An ooze (D:1)
  2 adder skeletons
  2 dart slugs
  5 leopard geckos
  37 orcs
  A ball python (D:4)
  5 bats
  5 giant cockroaches
  7 goblins
  9 hobgoblins
  4 jackals
  9 quokkas
  4 frilled lizards
  2 goblin skeletons (D:10)
  3 goblin zombies (D:10)
  A hobgoblin skeleton (D:10)
  5 hobgoblin zombies
  10 kobolds
  4 orc skeletons (D:10)
  11 orc zombies (D:10)
  A quokka skeleton (D:5)
  A quokka zombie (D:7)
  3 rats
  A butterfly (Lair:2)
  2 fungi
  5 plants
843 creatures vanquished.

Vanquished Creatures (collateral kills)
  4 orb spiders
  An elephant (Lair:6)
  A spiny frog (Lair:6)
  A centaur skeleton (D:14)
  2 jumping spiders
  A spectral jumping spider (Spider:4)
  2 slime creatures (D:14)
  A tarantella (Spider:4)
  3 yaks
  A leopard gecko (D:10)
  3 orcs
20 creatures vanquished.

Vanquished Creatures (others)
  A troll (D:10)
  Grinder (D:5)
  A yak (D:11)
  An ice beast (D:8)
  A jelly (D:5)
  4 plants
9 creatures vanquished.

Grand Total: 872 creatures vanquished

Notes
Turn   | Place    | Note
-------+----------+-------------------------------------------
     0 | D:1      | Maedhros the Octopode Artificer began the quest for the
                  | Orb.
     0 | D:1      | Reached XP level 1. HP: 13/13 MP: 3/3
   263 | D:1      | Reached XP level 2. HP: 14/18 MP: 4/4
   288 | D:2      | Found a faded altar of an unknown god.
   316 | D:2      | Noticed Terence
   328 | D:2      | Reached XP level 3. HP: 8/23 MP: 5/5
   343 | D:2      | Killed Terence
   343 | D:2      | Reached skill level 1 in Unarmed Combat
   882 | D:3      | Reached XP level 4. HP: 28/28 MP: 6/6
  1016 | D:4      | Noticed an ogre
  1025 | D:4      | Killed an ogre
  1025 | D:4      | Reached XP level 5. HP: 33/33 MP: 7/7
  1046 | D:4      | Found a snail-covered altar of Cheibriados.
  1066 | D:4      | Became a worshipper of Cheibriados the Contemplative
  1450 | D:1      | Reached * piety under Cheibriados
  1832 | D:4      | Reached skill level 5 in Unarmed Combat
  1832 | D:4      | Reached XP level 6. HP: 30/38 MP: 2/8
  2116 | D:4      | Reached ** piety under Cheibriados
  2137 | D:4      | Learned a level 3 spell: Spider Form
  2140 | D:4      | Learned a level 2 spell: Sticks to Snakes
  2157 | D:4      | Reached skill level 1 in Transmutations
  2197 | D:5      | Entered Level 5 of the Dungeon
  2257 | D:5      | Reached XP level 7. HP: 35/43 MP: 7/9
  2429 | D:5      | Noticed Grinder
  2444 | D:5      | Found a blossoming altar of Fedhas.
  2462 | D:5      | Your ally died
  2496 | D:5      | Found a sand-covered staircase.
  2505 | Ossuary  | Entered an ossuary
  2576 | Ossuary  | Reached XP level 8. HP: 40/48 MP: 7/10
  2581 | Ossuary  | Reached skill level 5 in Transmutations
  2683 | D:5      | Reached *** piety under Cheibriados
  2889 | D:6      | Found a staircase to the Ecumenical Temple.
  2907 | D:6      | HP: 2/48 [orc wizard/magic dart (8)]
  3134 | D:6      | Identified a scroll of acquirement
  3134 | D:6      | Identified the Papyrus of Flight and Augmentations (You
                  | acquired it on level 6 of the Dungeon)
  3153 | D:6      | Noticed Maggie
  3172 | D:6      | Killed Maggie
  3232 | D:6      | Reached XP level 9. HP: 47/53 MP: 11/11
  3384 | D:7      | Reached **** piety under Cheibriados
  3466 | D:7      | Reached skill level 1 in Spellcasting
  3554 | D:7      | Learned a level 5 spell: Blade Hands
  3932 | D:8      | Reached XP level 10. HP: 46/61 MP: 9/14
  4126 | D:8      | Noticed a death yak
  4127 | D:8      | Found a staircase to the Lair.
  4134 | D:8      | Noticed a death yak
  4134 | D:8      | Noticed a death yak
  4141 | D:8      | Killed a death yak
  4147 | D:8      | Found a shimmering altar of Xom.
  4148 | D:8      | Found a shimmering altar of Xom.
  4149 | D:8      | Found a shimmering altar of Xom.
  4149 | D:8      | Found a shimmering altar of Xom.
  4149 | D:8      | Found a shimmering altar of Xom.
  4150 | D:8      | Found a shimmering altar of Xom.
  4155 | D:8      | Found a shimmering altar of Xom.
  4155 | D:8      | Found a shimmering altar of Xom.
  4339 | D:8      | Killed a death yak
  4345 | D:8      | Killed a death yak
  4353 | D:8      | Reached ***** piety under Cheibriados
  4410 | D:8      | Noticed Grum
  4414 | D:8      | Killed Grum
  4414 | D:8      | Reached skill level 5 in Spellcasting
  4414 | D:8      | Reached skill level 10 in Transmutations
  4450 | D:8      | Noticed a deep troll
  4580 | D:9      | Found a sacrificial altar of Ru.
  4582 | D:9      | Found a shadowy altar of Dithmenos.
  4584 | D:9      | Found a burning altar of Makhleb.
  4656 | D:9      | Reached XP level 11. HP: 67/69 MP: 11/18
  4955 | D:10     | Entered Level 10 of the Dungeon
  4968 | D:10     | Reached skill level 5 in Dodging
  5020 | D:10     | Reached skill level 1 in Invocations
  5130 | D:10     | Reached skill level 5 in Fighting
  5290 | D:10     | Reached ****** piety under Cheibriados
  5354 | D:10     | Found a staircase to the Orcish Mines.
  5435 | D:11     | Found a shattered altar of Ashenzari.
  5516 | D:11     | Noticed an unseen horror
  5524 | D:11     | Killed an unseen horror
  5524 | D:11     | Reached skill level 5 in Invocations
  5527 | D:11     | Noticed a two-headed ogre
  5535 | D:11     | Killed a two-headed ogre
  5647 | D:11     | Reached skill level 10 in Unarmed Combat
  5674 | D:11     | Reached XP level 12. HP: 38/79 MP: 16/21
  5751 | D:11     | HP: 3/79 [poisoned by a green ugly thing]
  5756 | D:11     | HP: 3/79 [poisoned by a green ugly thing]
  5762 | D:11     | HP: 2/79 [poisoned by a green ugly thing]
  5771 | D:11     | HP: 2/79 [poisoned by a green ugly thing]
  5777 | D:11     | HP: 2/79 [poisoned by a green ugly thing]
  5783 | D:11     | HP: 3/79 [poisoned by a green ugly thing]
  5789 | D:11     | HP: 3/79 [poisoned by a green ugly thing]
  6372 | D:11     | Noticed a centaur warrior
  6547 | D:12     | Found a shadowy altar of Dithmenos.
  6763 | D:13     | Noticed a vault guard
  6767 | D:13     | Noticed a two-headed ogre
  6770 | D:13     | Killed a two-headed ogre
  6885 | D:13     | Noticed a two-headed ogre
  6898 | D:13     | Killed a two-headed ogre
  6916 | D:13     | Noticed a centaur warrior
  6920 | D:13     | Killed a centaur warrior
  6920 | D:13     | Noticed Josephine
  6925 | D:13     | Killed Josephine
  6925 | D:13     | Reached XP level 13. HP: 62/89 MP: 13/22
  7103 | D:13     | Noticed Erolcha
  7108 | D:13     | Killed Erolcha
  7280 | D:13     | Gained mutation: Your spells are a little harder to cast,
                  | but a little more powerful. [potion of mutation]
  7280 | D:13     | Gained mutation: Your magical capacity is low. (-10% MP)
                  | [potion of mutation]
  7280 | D:13     | Gained mutation: You are resistant to hostile enchantments.
                  | (MR+) [potion of mutation]
  7280 | D:13     | Gained mutation: You expend magic power (3 MP) to
                  | strengthen your wands. [potion of mutation]
  7294 | D:13     | Reached skill level 10 in Fighting
  7294 | D:13     | Reached skill level 10 in Dodging
  7539 | D:14     | Noticed a fire dragon
  7547 | D:14     | Killed a fire dragon
  7615 | D:14     | Noticed Agnes
  7622 | D:14     | Killed Agnes
  7877 | D:15     | Entered Level 15 of the Dungeon
  7922 | D:15     | Got a polished arbalest
  7934 | D:15     | Identified the cursed +2 arbalest of the Wasteland {penet,
                  | Str+3 Int+3} (You found it on level 15 of the Dungeon)
  8075 | D:15     | Got an encrusted morningstar
  8076 | D:15     | Identified the +7 morningstar of a volcano {drain, Stlth+}
                  | (You found it on level 15 of the Dungeon)
  8192 | D:15     | Reached XP level 14. HP: 49/99 MP: 8/20
  8536 | Orc:1    | Entered Level 1 of the Orcish Mines
  8599 | Orc:2    | Entered Level 2 of the Orcish Mines
  8618 | Orc:2    | Reached skill level 1 in Bows
  8618 | Orc:2    | Reached skill level 1 in Crossbows
  8624 | Orc:2    | Found a staircase to the Elven Halls.
  9334 | Lair:1   | Entered Level 1 of the Lair of Beasts
  9422 | Lair:1   | Noticed Fannar
  9428 | Lair:1   | Killed Fannar
  9860 | Lair:2   | Found a frozen archway.
  9888 | IceCv    | Entered an ice cave
 10141 | IceCv    | Found the amulet of Vitality {Regen+ HP+15}
 10189 | IceCv    | Got a twitching platinum ring
 10190 | IceCv    | Identified the ring of Darioc {MR+ rCorr Int+2} (You found
                  | it in an ice cave)
 10743 | Lair:2   | Noticed Urug
 10762 | Lair:2   | Killed Urug
 11179 | Lair:5   | Learned a level 3 spell: Inner Flame
 11209 | Lair:5   | Reached skill level 1 in Hexes
 11209 | Lair:5   | Reached skill level 1 in Fire Magic
 11262 | Lair:5   | Got a warped morningstar
 11263 | Lair:5   | Identified the +6 morningstar of Rytzemal {vorpal, rF+ MR+}
                  | (You found it on level 5 of the Lair of Beasts)
 11281 | Lair:5   | Found a staircase to the Slime Pits.
 11403 | Lair:6   | Entered Level 6 of the Lair of Beasts
 11547 | Lair:6   | Reached XP level 15. HP: 94/103 MP: 19/21
 12622 | Orc:2    | Found Anowy's Book Shoppe.
 12622 | Orc:2    | Found Wyulecre's Magic Scroll Shop.
 12624 | Orc:2    | Found Regoeqal's Magic Scroll Boutique.
 12626 | Orc:2    | Found Qestodin's Gadget Emporium.
 12631 | Orc:2    | Bought a scroll of blinking for 127 gold pieces
 12640 | Orc:2    | Bought the Reference Book on Spatial Changing for 702 gold
                  | pieces
 12640 | Orc:2    | Bought a Fen Folio for 975 gold pieces
 12647 | Orc:2    | Learned a level 6 spell: Hydra Form
 12656 | Orc:2    | Learned a level 6 spell: Eringya's Noxious Bog
 12895 | Orc:2    | Reached skill level 1 in Poison Magic
 13181 | Lair:2   | Found a hole to the Spider Nest.
 13201 | Spider:1 | Entered Level 1 of the Spider Nest
 13346 | Spider:1 | Reached skill level 5 in Poison Magic
 13427 | Spider:1 | Reached XP level 16. HP: 109/109 MP: 22/22
 13959 | Spider:4 | Entered Level 4 of the Spider Nest
 14155 | Spider:4 | Noticed Kirke
 14169 | Spider:4 | Killed Kirke
 14543 | Spider:4 | Learned a level 5 spell: Summon Forest
 14583 | Spider:4 | Reached skill level 1 in Summonings
 14583 | Spider:4 | Reached skill level 1 in Translocations
 14651 | Spider:4 | Reached XP level 17. HP: 115/115 MP: 14/26
 14672 | Spider:4 | Got a gossamer rune of Zot
 14814 | Spider:3 | Noticed Nikola
 14879 | Spider:2 | Learned a level 7 spell: Dragon Form
 14883 | Spider:2 | Learned a level 3 spell: Gell's Gravitas
 14912 | Spider:2 | Reached skill level 1 in Shields
 15252 | Lair:2   | Found a staircase to the Shoals.
 15265 | Shoals:1 | Entered Level 1 of the Shoals
 15503 | Shoals:2 | Noticed Polyphemus
 15707 | Shoals:2 | Killed Polyphemus
 15736 | Shoals:2 | Noticed Ilsuiw
 15760 | Shoals:2 | Killed Ilsuiw
 15760 | Shoals:2 | Reached skill level 5 in Summonings
 15760 | Shoals:2 | Reached skill level 5 in Translocations
 15897 | Shoals:2 | Identified Roxanne's Tome of Changing
 15897 | Shoals:2 | Noticed Roxanne
 15926 | Shoals:2 | Killed Roxanne
 15943 | Shoals:2 | Learned a level 6 spell: Statue Form
 15980 | Shoals:3 | Killed from afar by a wind drake

Levels and vault maps discovered:
D:1:      heliophobic_arrival_battle_scene, layout_loops_ring
D:2:      layout_basic, chequers_ecumenical_altar_island, uniq_terence
D:3:      layout_basic, first_ration
D:4:      minmay_evil_eye, layout_basic, cheibriados_altar_1, corexii_shack
D:5:      layout_gridville, fedhas_bush_and_centaur_altar,
          nicolae_ossuary_entry_monument, serial_bayou_lake_a, uniq_grinder
D:6:      layout_basic, minmay_temple_entry_large_hall, serial_bayou,
          serial_bayou_shore_a, serial_bayou_pond_d, serial_bayou_ford_a,
          serial_bayou_crossing, lightli_minifort, uniq_maggie
D:7:      kennysheep_six_static_rooms, layout_basic, grunt_gozag_breadcrumbs,
          lemuel_mausoleum_altar_yredelemnul, grunt_ogre_cave
D:8:      layout_loops_corners, xom_shifter_show, dpeg_lair_monsters, uniq_grum
D:9:      layout_gridville, grunt_temple_overflow_open
D:10:     layout_cross, zombieorc2_lemuel
D:11:     layout_roguey, nicolae_ashenzari_panopticon
D:12:     layout_long_grid, grunt_dithmenos_smoke
D:13:     layout_loops_cross, grunt_vaults_entry_fortified, uniq_erolcha,
          uniq_josephine
D:14:     layout_stronghold, uniq_agnes
D:15:     grunt_enter_depths_magical_seal, layout_basic, roderic_lattice_a
Lair:1:   dpeg_oklob_gauntlet, layout_regular_city,
          chequers_serial_rivers_small_a, uniq_fannar
Lair:2:   layout_roguey, elwin_shoals_entry_stream, spider_nest_entry_a,
          portal_ice_cave_entry_ice_beasts, lemuel_fruit_fields, uniq_urug
Lair:3:   layout_loops_ring
Lair:4:   layout_regular_city, uniq_sonja
Lair:5:   layout_hall_layers, slime_dummy, st_stairs_12, grunt_megastairs_3
Lair:6:   hangedman_lair_in_review, layout_regular_city
Shoals:1: layout_shoals, nicolae_shoals_square_sea_wall
Shoals:2: layout_shoals, nicolae_shoals_hunting_party, uniq_polyphemus,
          uniq_roxanne, uniq_ilsuiw
Shoals:3: layout_shoals, yaktaur_hedge
Spider:1: layout_spider_delve, nicolae_spider_webbed_stairs
Spider:2: layout_chambers
Spider:3: layout_spider_delve, uniq_nikola
Spider:4: floodkiller_spider_rune_tomb, drop_trap, uniq_kirke
Orc:1:    layout_diamond_mine
Orc:2:    st_orc_rangers, layout_caves, nicolae_orc_bridge_out

Skill      XL: |  1  2  3  4  5  6  7  8  9 10 11 12 13 14 15 16 17 |
---------------+----------------------------------------------------+-----
Stealth        | 3 4 |  4.0
Unarmed Combat | 2 3 5 6 7 8 9 10 11 12 13 | 13.8
Transmutations | 2 4 7 9 10 11 13 | 13.0
Spellcasting   | 3 5 6 7 9 |  9.0
Fighting       | 2 4 6 8 10 | 10.1
Dodging        | 3 4 6 8 11 12 13 | 13.6
Invocations    | 5 8 |  8.0
Bows           | 4 |  4.3
Crossbows      | 4 |  4.2
Hexes          | 3 |  3.0
Fire Magic     | 3 |  3.0
Poison Magic   | 6 9 |  9.1
Summonings     | 3 5 |  5.6
Translocations | 3 5 |  5.6
Shields        | 4 |  4.0
Short Blades   | |  1.0
Evocations     | |  3.2

Action                   |  1- 3 |  4- 6 |  7- 9 | 10-12 | 13-15 | 16-18 || total
-------------------------+-------+-------+-------+-------+-------+-------++-------
Melee: Short sword       |    31 |    35 |       |       |       |       ||    66
       Constrict         |     6 |    34 |    50 |    39 |    46 |     6 ||   181
       Tentacles         |     5 |    24 |    87 |    98 |   147 |     4 ||   365
       Dagger            |       |    35 |       |       |       |       ||    35
       Punch             |       |     4 |    24 |    50 |    80 |     5 ||   163
       Unarmed           |       |    40 |   207 |   328 |   545 |   307 ||  1427
       Staff             |       |       |       |       |     4 |       ||     4
       Longbow           |       |       |       |       |     1 |       ||     1
       Tailslap          |       |       |       |       |       |     3 ||     3
       Morningstar       |       |       |       |       |       |     2 ||     2
       Bite              |       |       |       |       |       |     2 ||     2
 Fire: Longbow           |       |       |     8 |     2 |   111 |    28 ||   149
 Cast: Blade Hands       |       |       |       |    29 |    51 |       ||    80
       Sticks to Snakes  |       |       |       |     3 |    21 |     6 ||    30
       Spider Form       |       |       |       |     4 |       |       ||     4
       Hydra Form        |       |       |       |       |     8 |    33 ||    41
       Dragon Form       |       |       |       |       |       |     2 ||     2
Invok: Slouch            |       |       |       |     4 |    19 |     7 ||    30
       Temporal Distorti |       |       |       |       |     4 |     2 ||     6
       Step From Time    |       |       |       |       |       |     1 ||     1
 Abil: End Transformatio |       |       |       |     1 |     2 |     1 ||     4
Evoke: Wand              |     4 |    10 |    18 |    17 |    20 |    18 ||    87
  Use: Scroll            |       |     2 |     6 |     4 |    18 |    14 ||    44
       Potion            |       |       |     8 |     5 |     8 |     3 ||    24
 Stab: Sleeping          |     3 |    18 |    12 |    11 |    17 |     1 ||    62
       Distracted        |       |       |     3 |     2 |     7 |     1 ||    13
       Invisible         |       |       |     4 |       |       |       ||     4
  Eat: Chunk             |       |     3 |     3 |    14 |     8 |       ||    28
       Ration            |       |       |       |     1 |     6 |       ||     7
Armor: Skin              |     4 |    14 |     5 |    10 |    72 |    49 ||   154
Dodge: Dodged            |    14 |    86 |   111 |   292 |   561 |   473 ||  1537

Table legend:
 A = Non-vault XP
 B = Vault XP
 C = Vault XP percentage of total XP
 D = Non-vault monster count
 E = Vault monster count
 F = Vault count percentage of total count
                 A         B        C        D         E       F
            +---------+---------+-------+---------+---------+-------
      Total |  134389 |   84444 |  38.6 |     595 |     260 |  30.4
            +---------+---------+-------+---------+---------+-------
        D:1 |      40 |       0 |   0.0 |      21 |       0 |   0.0
        D:2 |      48 |      36 |  42.9 |      16 |       1 |   5.9
        D:3 |      16 |       0 |   0.0 |       9 |       0 |   0.0
        D:4 |     419 |      48 |  10.3 |      19 |       3 |  13.6
        D:5 |     527 |       0 |   0.0 |      14 |       0 |   0.0
        D:6 |     770 |     376 |  32.8 |      20 |       1 |   4.8
        D:7 |    1221 |     579 |  32.2 |      25 |       7 |  21.9
        D:8 |     601 |    3911 |  86.7 |       7 |      11 |  61.1
        D:9 |    1143 |       0 |   0.0 |      25 |       0 |   0.0
       D:10 |    4679 |     715 |  13.3 |      29 |      36 |  55.4
       D:11 |    8810 |       0 |   0.0 |      42 |       0 |   0.0
       D:12 |    4341 |       0 |   0.0 |      25 |       0 |   0.0
       D:13 |   10926 |    2722 |  19.9 |      37 |       5 |  11.9
       D:14 |    5628 |    1907 |  25.3 |      21 |       1 |   4.5
       D:15 |    5987 |       0 |   0.0 |      25 |       0 |   0.0
     Lair:1 |    2265 |    1671 |  42.5 |      11 |       2 |  15.4
     Lair:2 |    3005 |    3710 |  55.2 |      15 |      15 |  50.0
     Lair:3 |    6295 |       0 |   0.0 |      14 |       0 |   0.0
     Lair:4 |    1666 |       0 |   0.0 |       7 |       0 |   0.0
     Lair:5 |    2250 |     482 |  17.6 |      15 |       2 |  11.8
     Lair:6 |   14891 |    9640 |  39.3 |      32 |      21 |  39.6
   Shoals:1 |    5041 |       0 |   0.0 |       9 |       0 |   0.0
   Shoals:2 |   11687 |   12229 |  51.1 |      26 |      11 |  29.7
   Spider:1 |   18368 |       0 |   0.0 |      61 |       0 |   0.0
   Spider:2 |   11330 |       0 |   0.0 |      30 |       0 |   0.0
   Spider:3 |    1727 |       0 |   0.0 |       4 |       0 |   0.0
   Spider:4 |    7231 |   37041 |  83.7 |      14 |      75 |  84.3
      Orc:1 |     922 |       0 |   0.0 |       9 |       0 |   0.0
      Orc:2 |    2555 |    4588 |  64.2 |      13 |      39 |  75.0
    Ossuary |       0 |     336 | 100.0 |       0 |      12 | 100.0
      IceCv |       0 |    4453 | 100.0 |       0 |      18 | 100.0
            +---------+---------+-------+---------+---------+-------
